 Dungeon Crawl Stone Soup version 0.31-a0-174-g85c54bcb58 (webtiles) character file.

Game seed: 17328389138536516160

2901 Dittersdorf the Fighter (level 9, 0/59 HPs)
             Began as a Gargoyle Fighter on June 15, 2023.
             Was a Believer of Okawaru.
             Slain by a black bear (4 damage)
             ... on level 8 of the Dungeon.
             The game lasted 00:09:18 (5248 turns).

Dittersdorf the Fighter (Gargoyle Fighter)          Turns: 5248, Time: 00:09:18

Health: 0/59       AC: 23    Str: 24    XL:     9   Next: 78%
Magic:  9/9        EV:  7    Int:  9    God:    Okawaru [**....]
Gold:   457        SH:  5    Dex:  9    Spells: 8/8 levels left

rFire   . . .        a - +0 morningstar
rCold   + . .        c - +0 buckler
rNeg    + . .        q - +0 plate armour
rPois   ∞            (no helmet)
rElec   +            y - +0 cloak of Misanthropy {+Blink}
rCorr   .            (no gloves)
SInv    .            m - +1 pair of boots
Will    .....        (no amulet) Stlth
                     s - ring of protection from cold
HPRegen 0.29/turn    p - +4 ring of slaying
MPRegen 0.11/turn

%: no passive effects
@: no status effects
A: sickness immunity, AC +6, negative energy resistance 1, electricity
resistance, torment resistance 1, petrification resistance
a: Renounce Religion, Evoke Blink, Heroism


You were on level 8 of the Dungeon.
You worshipped Okawaru.
Okawaru was pleased with you.
You visited 2 branches of the dungeon, and saw 9 of its levels.
You also visited: Sewer.

You collected 457 gold pieces.

Inventory:

Hand Weapons
 a - a +0 morningstar (weapon)
Missiles
 f - 2 throwing nets
 r - 2 poisoned darts (quivered)
Armour
 c - a +0 buckler (worn)
 m - a +1 pair of boots (worn)
 q - a +0 plate armour (worn)
 y - the +0 cloak of Misanthropy (worn) {+Blink}
   (You found it on level 6 of the Dungeon)

   +Blink:    It lets you blink.
Magical Staves
 B - a staff of earth
Jewellery
 p - a +4 ring of slaying (right hand)
 s - a ring of protection from cold (left hand)
 w - a ring of fire
Wands
 n - a wand of light (13)
 v - a wand of roots (20)
Scrolls
 b - a scroll of enchant armour
 e - a scroll of enchant weapon
 t - 3 scrolls of poison
 x - a scroll of teleportation
 A - a scroll of blinking
Potions
 d - 2 potions of might
 g - 2 potions of magic {unknown}
 h - a potion of degeneration {unknown}
 i - 4 potions of heal wounds
 j - 3 potions of enlightenment
 l - 5 potions of curing
 o - a potion of invisibility
 u - 4 potions of mutation {unknown}
 z - a potion of brilliance


   Skills:
 + Level 8.0 Fighting
 + Level 6.9 Maces & Flails
 + Level 7.9 Armour
 + Level 8.0 Shields


You had 8 spell levels left.
You didn't know any spells.
Your spell library contained the following spells:

 Spells                   Type           Power      Damage    Failure   Level
 Beastly Appendage        Tmut           0%         N/A       99%         1
 Sandblast                Erth           0%         2d4       99%         1
 Shock                    Conj/Air       0%         1d3       99%         1
 Passwall                 Tmut/Erth      0%         N/A       100%        2
 Scorch                   Fire           0%         2d5       100%        2
 Wereblood                Tmut           0%         N/A       100%        2
 Spider Form              Tmut/Pois      0%         N/A       100%        3
 Stone Arrow              Conj/Erth      0%         3d7       100%        3
 Swiftness                Air            0%         N/A       100%        3
 Vhi's Electric Charge    Tloc/Air       0%         N/A       100%        3
 Airstrike                Air            0%         2d(0-16)  100%        4
 Flame Wave               Conj/Fire      0%         2d4       100%        4
 Olgreb's Toxic Radiance  Pois           0%         N/A       100%        4
 Alistair's Intoxication  Tmut/Pois      0%         N/A       100%        5
 Arcjolt                  Conj/Air       0%         1d10      100%        5
 Plasma Beam              Fire/Air       0%         2x1d10    100%        6
 Cigotuvi's Dreadful Rot  Necr/Pois/Air  Unusable   N/A       N/A         2
 Summon Cactus Giant      Summ           Unusable   N/A       N/A         6

Dungeon Overview and Level Annotations

Branches:
Dungeon (8/15)             Temple (1/1) D:5           Sewer (visited)
   Lair: D:8-11

Altars:
Ashenzari
Cheibriados
Dithmenos
Elyvilon
Fedhas
Gozag
Hepliaklqana
Kikubaaqudgha
Makhleb
Nemelex Xobeh
Okawaru
Ru
Sif Muna
Trog
Vehumet
Wu Jian
Yredelemnul
Zin
The Shining One


Innate Abilities, Weirdness & Mutations

You are immune to sickness and miasma.
Your stone body is resilient. (AC +6)
You are immune to poison.
You resist negative energy. (rN+)
You are resistant to electric shocks. (rElec)
You are resistant to unholy torment.
You are immune to petrification.


Message History

* * * LOW HITPOINT WARNING * * *
The black bear bites you.
* * * LOW HITPOINT WARNING * * *
The black bear claws you but does no damage. x2
The wyvern bites you but does no damage.
The wyvern attacks as you move away! The wyvern bites you.
* * * LOW HITPOINT WARNING * * *
The black bear attacks as you move away!
The black bear bites you but does no damage.
The black bear claws you.
* * * LOW HITPOINT WARNING * * *
The black bear barely misses you.
The wyvern bites you but does no damage.
The wyvern attacks as you move away! You block the wyvern's attack.
You hit the wyvern.
The wyvern is almost dead.
The wyvern bites you but does no damage.
The wyvern bites you!
* * * LOW HITPOINT WARNING * * *
You closely miss the wyvern.
The wyvern is almost dead.
You block the wyvern's attack.
The wyvern bites you but does no damage.
You impale the wyvern!!
You kill the wyvern!
Okawaru accepts your kill.
Your Fighting skill increases to level 8!
Your Shields skill increases to level 8!
The black bear attacks as you move away!
The black bear bites you but does no damage.
The black bear claws you.
* * * LOW HITPOINT WARNING * * *
The black bear barely misses you.
The black bear attacks as you move away!
The black bear bites you but does no damage.
The black bear barely misses you.
The black bear claws you but does no damage.
The black bear attacks as you move away!
The black bear bites you.
You die...

.. .####.[....#.##.# #.
..####+#...........#.##.# #.
#.. ......######.....#.##.# #.
#... #...(...........#.##.####
#....#.....####.#+####........
#....#.K.K.# #.#.## ####.####
##..(.#†#.#.# #....#### #.#
......#.#.#K####.#.....# #.#
#......K#.#.Kh@..#..##.# #.#
#.......#.######....##.# #.#
###....†#.########..##.# #.#
#.....#.#..............# #.#
#.....#)##################.####
#.....#.. .....)............
##.......# #####...#####.####
#.#. .#.# #...# #.# ## .. .#
####...#####+####


You could see a black bear and 2 kobolds.

Vanquished Creatures
  An elephant (D:8)
  A wyvern (D:8)
  A basilisk (D:8)
  A water moccasin (D:7)
  2 ice beasts (D:7)
  A black bear (D:6)
  An orc warrior (D:8)
  2 sky beasts (D:7)
  2 ogres
  2 centaurs
  A phantom (D:5)
  2 kobold brigands
  2 bullfrogs
  A howler monkey (D:4)
  A jelly (D:5)
  3 orc priests
  8 hounds
  4 sleepcaps
  3 iguanas
  Terence (D:3)
  3 orc wizards (D:5)
  10 adders
  4 gnolls (D:3)
  A river rat (Sewer)
  2 shadow imps
  4 worms
  A dart slug (D:1)
  14 orcs
  8 endoplasms
  3 goblins
  6 hobgoblins
  11 kobolds
  2 quokkas
  10 ball pythons
  7 bats
  6 frilled lizards
  6 rats
138 creatures vanquished.

Notes
Turn   | Place    | Note
-------+----------+-------------------------------------------
     0 | D:1      | Dittersdorf the Gargoyle Fighter began the quest for the
                  | Orb.
     0 | D:1      | Reached XP level 1. HP: 14/14 MP: 1/1
    66 | D:1      | Reached XP level 2. HP: 16/19 MP: 2/2
   107 | D:1      | Found a faded altar of an unknown god.
   623 | D:2      | Reached XP level 3. HP: 24/24 MP: 3/3
   914 | D:2      | Reached XP level 4. HP: 29/29 MP: 4/4
  1215 | D:3      | Found a hazy altar of Hepliaklqana.
  1416 | D:3      | Reached XP level 5. HP: 23/33 MP: 5/5
  1631 | D:3      | Found a shadowy altar of Dithmenos.
  1631 | D:3      | Found a bloodstained altar of Trog.
  1723 | D:3      | Noticed Terence
  1745 | D:3      | Killed Terence
  1864 | D:3      | Identified the +0 ring mail of Heenlegg {rCorr}
  2212 | D:4      | Found a snail-covered altar of Cheibriados.
  2224 | D:4      | Found an ornate altar of the Wu Jian Council.
  2273 | D:4      | Found a shimmering blue altar of Sif Muna.
  2308 | D:4      | Found an opulent altar of Gozag.
  2359 | D:5      | Entered Level 5 of the Dungeon
  2424 | D:5      | Found a white marble altar of Elyvilon.
  2436 | D:5      | Reached XP level 6. HP: 37/39 MP: 6/6
  2451 | D:5      | Found a staircase to the Ecumenical Temple.
  2532 | D:5      | Reached skill level 5 in Fighting
  2532 | D:5      | Reached skill level 5 in Armour
  2532 | D:5      | Reached skill level 5 in Shields
  2536 | D:5      | Reached XP level 7. HP: 32/44 MP: 7/7
  2569 | D:5      | Found a burning altar of Makhleb.
  2623 | D:5      | Found a glowing drain.
  2632 | Sewer    | Entered a sewer
  2739 | Sewer    | Found a white marble altar of Elyvilon.
  3238 | D:6      | Reached XP level 8. HP: 51/51 MP: 8/8
  3380 | D:6      | Reached skill level 5 in Maces & Flails
  3473 | D:6      | Found a sacrificial altar of Ru.
  3751 | D:6      | Identified the +0 cloak of Misanthropy {+Blink}
  4059 | Temple   | Entered the Ecumenical Temple
  4171 | Temple   | Became a worshipper of Warmaster Okawaru
  4245 | D:7      | Got Vevuid's Spellbook of Victory
  4529 | D:7      | Reached * piety under Okawaru
  4530 | D:7      | Reached XP level 9. HP: 56/56 MP: 9/9
  4727 | D:7      | Found a radiant altar of Vehumet.
  5211 | D:8      | Noticed an elephant
  5224 | D:8      | Killed an elephant
  5231 | D:8      | Reached ** piety under Okawaru
  5242 | D:8      | HP: 2/59 [black bear (3)]
  5248 | D:8      | Slain by a black bear

Illustrated notes

Levels and vault maps discovered:
D:1:      scummos_arrival_star, layout_basic,
          hellmonk_ecumenical_altar_pennies_from_heaven, serial_glass,
          glass_columns_a, glass_columns_a
D:2:      layout_rooms
D:3:      layout_loops_ring, nicolae_hepliaklqana_hazy_memory,
          gammafunk_temple_overflow_wave, minmay_gold_behind_fungi,
          hangedman_decor_peaks_small, uniq_terence
D:4:      layout_rooms, nicolae_overflow_quartered_altars
D:5:      layout_cave_pools, elyvilon_altar_5, bloody_makhleb,
          minmay_temple_entry_from_below_a, portal_sewer_entry_d, st_stairs_9
D:6:      layout_basic, nicolae_ru_sacrificial_ziggurat
D:7:      layout_loops_ring, marbit_many_paths,
          nicolae_concentric_dashed_squares_wild
D:8:      layout_basic, david_lair_generic
Temple:   nicolae_temple_godpark

Skill      XL: |  1  2  3  4  5  6  7  8  9 |
---------------+----------------------------+-----
Armour         | 4 5 6 7 |  7.9
Shields        | 4 5 6 8 |  8.0
Fighting       | 4 5 6 8 |  8.0
Maces & Flails | 3 4 5 6 |  6.9

Action                     |  1- 3 |  4- 6 |  7- 9 || total
---------------------------+-------+-------+-------++-------
  Melee: Flail             |   101 |   189 |   234 ||   524
         Morningstar       |       |       |    25 ||    25
    Use: Scroll            |       |     7 |     3 ||    10
 Armour: Scale mail        |    63 |       |       ||    63
         Chain mail        |    12 |   119 |   162 ||   293
         Plate armour      |       |       |    46 ||    46
  Dodge: Dodged            |    53 |    73 |    89 ||   215
  Block: Buckler           |    32 |    35 |    62 ||   129

Table legend: (Time is in decaauts)
 A = Elapsed time spent in this place.
 B = Non-inter-level travel time spent in this place.
 C = Inter-level travel time spent in this place.
 D = Time resting spent in this place.
 E = Time spent auto-exploring this place.
 F = Levels seen in this place.
 G = Mean time per level.
                   A        B        C        D        E       F      G
               +--------+--------+--------+--------+--------+-----+--------+
         Total |   5415 |   5100 |    315 |    367 |   3271 |  10 |  541.5 |
       Dungeon |   5110 |   4817 |    293 |    367 |   3051 |   8 |  638.8 |
        Temple |    130 |    109 |     21 |      0 |     98 |   1 |  130.0 |
         Sewer |    174 |    174 |      0 |      0 |    122 |   1 |  174.0 |
               +--------+--------+--------+--------+--------+-----+--------+

Top non-repeatable levels by time:
     D:3: 772 daAuts
     D:6: 771 daAuts
     D:7: 693 daAuts
     D:4: 688 daAuts
     D:5: 646 daAuts
     D:1: 618 daAuts
     D:2: 566 daAuts
     D:8: 354 daAuts
   Sewer: 174 daAuts
  Temple: 130 daAuts
